 Dungeon Crawl Stone Soup version 0.27-a0-597-g524d869a0f (webtiles) character file.

Game seed: 17446350526594558024

182051 scarywalker64 the Earth Mage (level 17, 0/109 HPs)
             Began as a Gargoyle Earth Elementalist on Mar 11, 2021.
             Was a High Priest of Sif Muna.
             Slain by a spriggan rider
             ... wielding a +0 spear
              (5 damage)
             ... on level 4 of the Swamp.
             The game lasted 01:59:24 (31668 turns).

scarywalker64 the Earth Mage (GrEE)                Turns: 31668, Time: 01:59:25

Health: 0/109      AC: 24    Str: 18    XL:     17   Next: 96%
Magic:  34/34      EV: 16    Int: 19    God:    Sif Muna [*****.]
Gold:   2617       SH: 14    Dex: 16    Spells: 27/42 levels left

rFire    . . .     SeeInvis .   g - +4 broad axe (flame)
rCold    + + .     Faith    .   r - +1 kite shield of Greed {Rampage rPois rC++}
rNeg     + . .     Spirit   .   t - +3 troll leather armour {Snorg}
rPois    ∞         Reflect  .   B - +1 helmet
rElec    +         Harm     .   P - +1 cloak
rCorr    .         Rampage  +   l - +1 pair of gloves {Str+3}
Will     +++..                  s - +0 pair of boots
Stlth    +++.......             Q - amulet of Veret {rElec Will+ Regen+ Stlth+}
HPRegen  2.28/turn              U - ring of Paranoia {rPois Will+ Str-3 Int+2 Dex+6}
MPRegen  0.24/turn              x - +4 ring of slaying

@: marked, corroded, flying, studying Dodging
A: big wings, negative energy resistance 1, electricity resistance, torment
resistance 1, unbreathing 1, petrification resistance, AC +12
}: 1/15 runes: decaying
a: Stop Flying, Renounce Religion, Channel Magic, Forget Spell, Divine Exegesis


You were on level 4 of the Swamp.
You worshipped Sif Muna.
Sif Muna was extremely pleased with you.
You visited 6 branches of the dungeon, and saw 29 of its levels.

You collected 4718 gold pieces.
You spent 2101 gold pieces at shops.

Inventory:

Hand Weapons
 g - a +4 broad axe of flaming (weapon)
 K - the +8 hand crossbow "Giantslayer" {flame, rN+ Stlth+}
   (You found it on level 9 of the Dungeon)

   It causes projectiles fired from it to burn those they strike, causing extra
   injury to most foes and up to half again as much damage against particularly
   susceptible opponents.
   It protects you from negative energy.
   It makes you more stealthy.
Missiles
 b - 775 stones
 I - 160 bolts
Armour
 l - a +1 pair of gloves of strength (worn)
 r - the +1 kite shield of Greed (worn) {Rampage rPois rC++}
   (You found it on level 5 of the Lair of Beasts)

   It greatly protects you from cold.
   It protects you from poison.
   It bestows one free step when moving towards enemies.
 s - a +0 pair of boots (worn)
 t - a +3 troll leather armour (worn) {Snorg}
 y - +3 steam dragon scales
 B - a +1 helmet (worn)
 C - a +2 robe of resistance
 D - the +1 pair of gloves of the Farrier {rC+}
   (You found it on level 7 of the Dungeon)

   It protects you from cold.
 P - a +1 cloak (worn)
 V - a +0 robe of willpower
Jewellery
 i - a ring of protection from fire
 j - a ring of positive energy
 p - a ring of see invisible
 x - a +4 ring of slaying (left hand)
 N - a ring of willpower
 Q - the amulet of Veret (around neck) {rElec Will+ Regen+ Stlth+}
   (You took it off a centaur warrior on level 9 of the Dungeon)

   [amulet of regeneration]

   It insulates you from electricity.
   It affects your willpower, your defense against some magical effects.
   It increases your rate of regeneration.
   It makes you more stealthy.
 U - the ring of Paranoia (right hand) {rPois Will+ Str-3 Int+2 Dex+6}
   (You found it on level 12 of the Dungeon)

   [ring of dexterity]

   It affects your strength (-3).
   It affects your intelligence (+2).
   It affects your dexterity (+6).
   It protects you from poison.
   It affects your willpower, your defense against some magical effects.
Wands
 c - a wand of acid (20)
 d - a wand of paralysis (19)
 e - a wand of digging (7)
 G - a wand of iceblast (19)
 O - a wand of charming (13)
 Y - a wand of mindburst (13)
Scrolls
 f - 4 scrolls of identify
 o - 4 scrolls of amnesia
 u - 5 scrolls of summoning
 w - 2 scrolls of magic mapping
 J - 3 scrolls of enchant armour
 R - 2 scrolls of fear
 X - 6 scrolls of teleportation
Potions
 a - 2 potions of invisibility
 h - 2 potions of lignification
 m - a potion of haste
 n - a potion of cancellation
 E - 12 potions of curing
 F - 3 potions of mutation
 H - 2 potions of resistance
 L - 6 potions of brilliance
 T - 3 potions of ambrosia
 Z - 2 potions of might
Miscellaneous
 q - a condenser vane
 M - a box of beasts


   Skills:
 * Level 13.3 Fighting
 + Level 8.7(8.9) Axes
 - Level 3.1(6.8) Maces & Flails
 * Level 9.2 Crossbows
 + Level 3.6 Armour
 + Level 8.7 Dodging
 - Level 3.0 Stealth
 * Level 13.0 Shields
 * Level 13.1 Spellcasting
 * Level 7.6 Conjurations
 * Level 6.2 Summonings
 + Level 1.0 Transmutations
 * Level 15.2 Earth Magic
 + Level 1.1 Evocations


You had 27 spell levels left.
You knew the following spells:

 Your Spells              Type           Power      Damage    Failure   Level
a - Sandblast             Erth           100%       2d20      0%          1
b - Passwall              Tmut/Erth      35%        N/A       1%          2
c - Stone Arrow           Conj/Erth      100%       3d13      1%          3
d - Lee's Rapid Deconstr  Erth           31%        3d17*     1%          5
e - Petrify               Tmut/Erth      43%        N/A       3%          4

Your spell library contained the following spells:

 Spells                   Type           Power      Damage    Failure   Level
 Foxfire                  Conj/Fire      100%       2x1d9     1%          1
 Magic Dart               Conj           100%       1d8       1%          1
 Summon Small Mammal      Summ           100%       N/A       1%          1
 Call Imp                 Summ           36%        N/A       1%          2
 Searing Ray              Conj           82%        3d6       1%          2
 Call Canine Familiar     Summ           36%        N/A       1%          3
 Animate Armour           Summ/Erth      100%       N/A       1%          4
 Leda's Liquefaction      Hex/Erth       20%        N/A       3%          4
 Dazzling Flash           Conj/Hex       52%        N/A       4%          3
 Static Discharge         Conj/Air       26%        N/A       4%          3
 Sting                    Tmut/Pois      56%        1d5       7%          1
 Summon Guardian Golem    Hex/Summ       24%        N/A       7%          3
 Animate Skeleton         Necr           24%        N/A       9%          1
 Apportation              Tloc           24%        N/A       9%          1
 Corona                   Hex            13%        N/A       9%          1
 Freeze                   Ice            48%        1d7       9%          1
 Wereblood                Tmut           16%        N/A       9%          2
 Mephitic Cloud           Conj/Pois/Air  22%        N/A       9%          3
 Bolt of Magma            Conj/Fire/Erth 20%        4d10      10%         5
 Borgnjor's Vile Clutch   Necr/Erth      20%        N/A       10%         5
 Iskenderun's Battlesphe  Conj           41%        2d9       10%         5
 Poisonous Vapours        Pois/Air       24%        N/A       12%         2
 Slow                     Hex            12%        N/A       12%         2
 Iron Shot                Conj/Erth      27%        9d6       12%         6
 Iskenderun's Mystic Bla  Conj/Tloc      26%        2d7       17%         4
 Ignite Poison            Fire/Tmut/Pois 13%        N/A       22%         3
 Summon Ice Beast         Ice/Summ       24%        N/A       22%         4
 Summon Lightning Spire   Summ/Air       24%        N/A       22%         4
 Inner Flame              Hex/Fire       12%        N/A       24%         3
 Lesser Beckoning         Tloc           6%         N/A       24%         3
 Portal Projectile        Hex/Tloc       24%        N/A       24%         3
 Tukima's Dance           Hex            12%        N/A       24%         3
 Irradiate                Conj/Tmut      14%        3d18      36%         5
 Fireball                 Conj/Fire      13%        3d7       43%         5
 Lightning Bolt           Conj/Air       13%        1d26      43%         5
 Summon Forest            Summ/Tloc      12%        N/A       54%         5
 Summon Mana Viper        Hex/Summ       24%        N/A       54%         5
 Cause Fear               Hex            6%         N/A       63%         4
 Olgreb's Toxic Radiance  Pois           12%        N/A       63%         4
 Shadow Creatures         Summ           N/A        N/A       67%         6
 Alistair's Intoxication  Tmut/Pois      9%         N/A       88%         5
 Metabolic Englaciation   Hex/Ice        6%         N/A       92%         5
 Starburst                Conj/Fire      13%        8x6d5     95%         6
 Orb of Destruction       Conj           20%        9d9       96%         7
 Freezing Cloud           Conj/Ice/Air   11%        6-21      99%         6
 Spellforged Servitor     Conj/Summ      19%        N/A       99%         7
 Summon Hydra             Summ           18%        N/A       99%         7
 Lehudib's Crystal Spear  Conj/Erth      27%        10d7      99%         8
 Invisibility             Hex            12%        N/A       100%        6
 Dragon Form              Tmut           8%         N/A       100%        7
 Haunt                    Necr/Summ      12%        N/A       100%        7
 Dragon's Call            Summ           18%        N/A       100%        9
 Fire Storm               Conj/Fire      13%        8d3       100%        9
 Tornado                  Air            6%         N/A       100%        9


Dungeon Overview and Level Annotations

Branches:
Dungeon (15/15) Temple (1/1) D:6 Lair (6/6) D:10 Swamp (4/4) Lair:2 Spider (0/4) Lair:4 Slime (0/5) Lair:5 Orc (2/2) D:10 Elf (0/3) Orc:2 Vaults (0/5) D:12 D:13 Depths (1/5) D:15

Altars:
Ashenzari
Cheibriados
Dithmenos
Elyvilon
Fedhas
Gozag
Hepliaklqana
Kikubaaqudgha
Makhleb
Nemelex Xobeh
Okawaru
Qazlal
Ru
Sif Muna
Trog
Uskayaw
Vehumet
Wu Jian
Xom
Yredelemnul
Zin
The Shining One
Jiyva

Shops:
D:15 [!**   Orc:2 !*!!?

Annotations:
D:15 3 runed translucent doors, Taowasuch's ghost, adept MiGl
Swamp:4 1 runed translucent door


Innate Abilities, Weirdness & Mutations

Your stone body is resilient. (AC +12)
You are immune to poison.
Your large and strong wings let you fly indefinitely.
You resist negative energy. (rN+)
You are resistant to electric shocks. (rElec)
You are resistant to unholy torment.
You can survive without breathing.
You are immune to petrification.


Message History

The bunyip is moderately wounded.
An alligator comes into view.
The goliath frog hits you from afar!
You are splashed with acid!
You block the spriggan rider's attack.
A tyrant leech comes into view.
The alligator moves out of view.
The goliath frog hits you from afar! The acid corrodes you!
You are splashed with acid!
You block the spriggan rider's attack. The spriggan rider misses you.
The spriggan rider closely misses you. You block the spriggan rider's attack.
The alligator puts on a burst of speed!
The fenstrider witch barely misses you.
You block the fenstrider witch's attack.
The goliath frog misses you.
The bunyip howls a warning cry!
The fenstrider witch casts a spell at you.
The toxic sludge hits you. You partially resist.
The spriggan rider hits you but does no damage.
You block the spriggan rider's attack.
You barely miss the spriggan rider. You slash the bunyip! You burn the bunyip.
The bunyip claws you.
The bunyip claws you but does no damage.
The bunyip claws you!! The goliath frog hits you from afar.
You are splashed with acid!
* * * LOW HITPOINT WARNING * * *
The spriggan rider barely misses you.
You block the spriggan rider's attack. x2
The fenstrider witch hits you.
* * * LOW HITPOINT WARNING * * *
The fenstrider witch kicks you!
* * * LOW HITPOINT WARNING * * *
You block the goliath frog's attack.
As you read the scroll of fear, it crumbles to dust.
You assume a fearsome visage.
The fenstrider witch looks frightened!
The spriggan rider resists with almost no effort. x2
The spriggan rider resists with some effort.
The bunyip looks frightened!
The alligator looks frightened!
The goliath frog looks frightened!
The spriggan rider misses you.
The spriggan rider hits you with a +0 spear!
* * * LOW HITPOINT WARNING * * *
The spriggan rider hits you from afar with a +0 spear.
You die...

♣♣ ♣♣♣≈♣♣ ♣♣♣♣ ♣♣♣♣♣♣≈≈≈≈♣
♣.≈♣♣ ♣♣≈≈♣≈..≈≈.♣ ♣♣♣.≈..
♣♣♣♣♣♣≈...≈≈Ft♣♣♣♣♣♣§≈...≈
≈.......≈≈≈≈≈.♣♣≈)..♣..≈≈≈
<§≈≈≈≈≈≈≈≈xi≈...≈≈≈.♣...≈.
#≈≈.§§§≈@Hi..≈≈≈≈≈.♣≈..≈≈
#..≈≈≈≈≈i♣♣.≈≈.....♣♣≈..≈
#≈≈≈≈≈≈..w......♣≈.§≈.###
#≈≈≈≈≈≈≈.<[..≈..♣...♣#### .
#≈≈≈§≈≈.≈♣..≈.≈..≈.♣♣###. .≈
#≈≈§≈§≈.♣♣≈....D..###....
#+##≈≈≈≈≈♣♣♣..≈.≈≈§.♣#......
.....≈≈≈≈♣≈..≈≈≈.≈.≈......≈≈
..≈....○♣♣♣≈≈...≈.♣≈.##..≈≈≈


You could see a bunyip (fleeing, catching breath), an alligator (swift,
fleeing), a fenstrider witch (fleeing), a tyrant leech, 3 spriggan riders and a
goliath frog (fleeing).

Vanquished Creatures
  A thorn hunter (Swamp:4)
  A fenstrider witch (Swamp:3)
  A frost giant (D:12)
  An orc warlord (Orc:1)
  3 ghouls
  Nessos (Lair:5)
  A spark wasp (D:15)
  4 bunyips (Swamp:3)
  Snorg (D:12)
  6 eleionomae
  An ettin (D:15)
  Harold (D:7)
  Josephine (Lair:5)
  A ghost crab (Swamp:1)
  4 boulder beetles
  An ogre mage (D:15)
  8 catoblepae
  A spriggan air mage (Swamp:2)
  3 alligators
  24 hydras
  4 two-headed ogres
  2 death knights
  A tengu warrior (D:15)
  6 centaur warriors
  7 death yaks (Lair:6)
  4 orc high priests
  5 spriggans
  A skeletal warrior (D:11)
  2 spriggan druids (Swamp:4)
  4 goliath frogs
  5 unseen horrors
  10 bog bodies
  15 swamp dragons
  A deep elf zephyrmancer (D:12)
  2 deep elf pyromancers
  A phantasmal warrior (D:11)
  6 orc sorcerers
  6 cyclopes
  4 lindwurms (Lair:5)
  18 ugly things
  An orb spider (Lair:4)
  6 orc knights
  5 will-o-the-wisps
  14 elephants
  6 manticores
  A black mamba (shapeshifter) (D:12)
  Maurice (D:8)
  5 black mambas
  4 centaur zombies
  11 cane toads
  2 gargoyles (D:12)
  A yaktaur (D:15)
  An efreet (D:15)
  Maggie (D:6)
  A kobold demonologist (D:12)
  4 rime drakes
  3 freezing wraiths
  10 komodo dragons
  A tengu conjurer (D:12)
  11 trolls
  5 tyrant leeches
  A polar bear (Lair:5)
  3 slime creatures (D:12)
  6 dream sheep
  15 blink frogs
  7 hornets
  A tarantella (shapeshifter) (D:15)
  51 yaks
  6 wyverns
  10 wraiths
  6 water elementals
  A vampire (D:13)
  16 humans
  4 basilisks
  15 vampire mosquitoes
  6 wargs
  17 swamp worms
  2 soldier ants
  16 water moccasins
  Duvessa (D:6)
  16 swamp drakes
  30 orc warriors
  7 ice beasts
  3 sky beasts
  2 necrophages
  5 black bears
  10 ogres
  2 eyes of draining
  A boggart (D:12)
  21 centaurs
  20 wolves
  2 kobold brigands
  2 phantoms
  A wyvern zombie (D:9)
  16 bullfrogs
  Dowan (D:6)
  5 scorpions
  A wyvern skeleton (D:11)
  29 wights
  5 killer bees
  16 electric eels
  A bullfrog zombie (D:12)
  9 hounds
  9 jellies
  3 bullfrog skeletons
  28 orc priests
  2 centaur skeletons
  24 orc wizards
  3 iguanas
  6 worker ants
  2 killer bee zombies
  A hound zombie (D:7)
  A worker ant zombie (D:7)
  Robin (D:4)
  6 gnolls
  9 adders
  4 shadow imps
  3 white imps
  4 oozes
  An adder skeleton (D:4)
  2 worms
  3 leopard geckos
  85 orcs
  A giant cockroach (D:4)
  18 goblins
  8 hobgoblins
  7 jackals
  6 quokkas
  5 bats
  8 frilled lizards
  10 kobolds
  A quokka zombie (D:9)
  4 rats
917 creatures vanquished.

Vanquished Creatures (others)
  A rime drake (Swamp:4)
  2 bloated husks
  A sky beast (D:12)
  A killer bee (D:12)
  22 foxfires
  19 fungi
  38 plants
84 creatures vanquished.

Grand Total: 1001 creatures vanquished

Notes
Turn   | Place    | Note
-------+----------+-------------------------------------------
     0 | D:1      | scarywalker64 the Gargoyle Earth Elementalist began the
                  | quest for the Orb.
     0 | D:1      | Reached XP level 1. HP: 10/10 MP: 3/3
   298 | D:1      | Reached XP level 2. HP: 15/15 MP: 5/5
   628 | D:1      | Learned a level 2 spell: Passwall
   808 | D:2      | Reached skill level 4 in Earth Magic
   837 | D:2      | Reached XP level 3. HP: 20/20 MP: 6/6
   988 | D:2      | Reached skill level 1 in Shields
  1175 | D:2      | Reached XP level 4. HP: 17/24 MP: 0/7
  1849 | D:3      | Reached skill level 1 in Maces & Flails
  2034 | D:3      | Learned a level 3 spell: Stone Arrow
  2059 | D:3      | Reached skill level 1 in Fighting
  2088 | D:3      | Reached XP level 5. HP: 7/29 MP: 0/9
  2350 | D:3      | Found a sparkling altar of Nemelex Xobeh.
  2933 | D:4      | Noticed a sky beast
  2943 | D:3      | Killed a sky beast
  2944 | D:3      | Reached skill level 5 in Earth Magic
  2944 | D:3      | Reached XP level 6. HP: 34/34 MP: 6/10
  2955 | D:4      | Reached skill level 1 in Armour
  2986 | D:4      | Noticed a necrophage
  3013 | D:3      | Killed a necrophage
  3095 | D:4      | Noticed Robin
  3134 | D:4      | Killed Robin
  3135 | D:4      | Reached XP level 7. HP: 35/39 MP: 4/12
  3623 | D:4      | Identified the +1 ring mail of Good Intentions {+Inv +Fly
                  | rN++ Will-}
  3833 | D:5      | Entered Level 5 of the Dungeon
  4697 | D:6      | Noticed Duvessa
  4697 | D:6      | Noticed Dowan
  4841 | D:6      | Reached skill level 1 in Axes
  5152 | D:6      | Killed Duvessa
  5153 | D:6      | Reached skill level 6 in Earth Magic
  5153 | D:6      | Reached XP level 8. HP: 38/45 MP: 12/14
  5153 | D:6      | Killed Dowan
  5265 | D:6      | Identified the +1 robe of Elyvilon's Whim {Str+3}
  5440 | D:6      | Found a staircase to the Ecumenical Temple.
  5453 | Temple   | Entered the Ecumenical Temple
  5646 | Temple   | Became a worshipper of Sif Muna the Loreminder
  5760 | D:6      | Noticed Maggie
  6288 | D:6      | Killed Maggie
  6432 | D:7      | Found a blossoming altar of Fedhas.
  6655 | D:6      | Reached skill level 5 in Spellcasting
  6793 | D:7      | Noticed Harold
  6978 | D:7      | Reached skill level 7 in Earth Magic
  7046 | D:7      | Reached XP level 9. HP: 43/52 MP: 13/16
  7065 | D:7      | Reached * piety under Sif Muna
  7202 | D:7      | Killed Harold
  7203 | D:7      | Reached skill level 5 in Shields
  7513 | D:7      | Identified the +1 pair of gloves of the Farrier {rC+}
  8121 | D:8      | Reached skill level 8 in Earth Magic
  8479 | D:8      | Reached skill level 5 in Fighting
  8603 | D:8      | Noticed Maurice
  8624 | D:8      | Killed Maurice
  8625 | D:8      | Reached skill level 1 in Conjurations
  8625 | D:8      | Reached XP level 10. HP: 59/59 MP: 17/19
  9065 | D:9      | Noticed a cyclops
  9086 | D:9      | Killed a cyclops
  9118 | D:9      | Identified the +6 flail of Tomorrow {vorpal, *Corrode rElec
                  | Will+ Int+5}
  9153 | D:9      | Reached skill level 1 in Evocations
  9156 | D:9      | Noticed a seven-headed hydra
  9165 | D:9      | Killed a seven-headed hydra
  9166 | D:9      | Reached skill level 9 in Earth Magic
  9189 | D:9      | Noticed a mana viper
  9191 | D:9      | Noticed a moth of wrath
  9191 | D:9      | a mana viper changed into a moth of wrath
  9329 | D:9      | Noticed a centaur warrior
  9333 | D:9      | Noticed a cyclops
  9400 | D:9      | Found a snail-covered altar of Cheibriados.
  9400 | D:9      | Found a faded altar of an unknown god.
  9408 | D:9      | Found a faded altar of an unknown god.
  9449 | D:9      | Reached ** piety under Sif Muna
  9536 | D:9      | Identified the amulet of Veret {rElec Will+ Regen+ Stlth+}
  9545 | D:9      | Killed a centaur warrior
  9725 | D:9      | Reached XP level 11. HP: 63/67 MP: 22/22
  9995 | D:9      | Found an opulent altar of Gozag.
  9996 | D:9      | Found a glowing golden altar of the Shining One.
 10002 | D:9      | Found a white marble altar of Elyvilon.
 10260 | D:9      | Found a blossoming altar of Fedhas.
 10262 | D:9      | Found a sacrificial altar of Ru.
 10328 | D:9      | Killed a cyclops
 10335 | D:9      | Learned a level 5 spell: Lee's Rapid Deconstruction
 10340 | D:9      | Learned a level 4 spell: Petrify
 10379 | D:9      | Identified the +8 hand crossbow "Giantslayer" {flame, rN+
                  | Stlth+}
 10405 | D:10     | Entered Level 10 of the Dungeon
 10417 | D:9      | Noticed a fire dragon
 10417 | D:9      | a slime creature changed into a fire dragon
 10420 | D:9      | Noticed an entropy weaver
 10420 | D:9      | a fire dragon changed into an entropy weaver
 10591 | D:9      | Noticed a fire dragon
 10830 | D:10     | Found a staircase to the Lair.
 10859 | D:10     | Found a staircase to the Orcish Mines.
 11071 | D:10     | Reached skill level 1 in Crossbows
 11121 | D:10     | Identified the +0 leather armour of Hedge Wizardry {rPois}
 11317 | D:10     | Noticed a two-headed ogre
 11342 | D:10     | Killed a two-headed ogre
 11343 | D:10     | Reached skill level 10 in Earth Magic
 11511 | D:10     | Noticed a seven-headed hydra
 11524 | D:10     | Killed a seven-headed hydra
 11806 | D:10     | Reached *** piety under Sif Muna
 11901 | D:11     | Noticed a two-headed ogre
 11908 | D:11     | Killed a two-headed ogre
 11909 | D:11     | Reached skill level 5 in Dodging
 12348 | D:11     | Reached XP level 12. HP: 57/75 MP: 24/24
 12917 | D:12     | Reached **** piety under Sif Muna
 12922 | D:12     | Reached skill level 11 in Earth Magic
 13081 | D:12     | Found a glowing silver altar of Zin.
 13087 | D:12     | Noticed a centaur warrior
 13171 | D:11     | Killed a centaur warrior
 13350 | D:12     | Noticed a death knight
 13589 | D:12     | Noticed a frost giant
 13862 | D:12     | Reached ***** piety under Sif Muna
 13871 | D:12     | Noticed a seven-headed hydra
 13880 | D:12     | Noticed a death knight
 13881 | D:12     | Killed a seven-headed hydra
 13882 | D:12     | Reached XP level 13. HP: 68/82 MP: 16/26
 13970 | D:12     | Identified the +3 quarterstaff of True Grit {venom, rPois
                  | Int+3 SInv}
 13993 | D:12     | Reached skill level 10 in Spellcasting
 14004 | D:12     | Reached skill level 10 in Fighting
 14004 | D:12     | Reached skill level 12 in Earth Magic
 14179 | D:12     | Received a gift from Sif Muna
 14302 | D:12     | Identified the Tome of Ice and Lightness
 14430 | D:12     | Identified the ring of Paranoia {rPois Will+ Str-3 Int+2
                  | Dex+6}
 14596 | D:11     | Reached skill level 5 in Crossbows
 15014 | D:12     | Found a viscous altar of Jiyva.
 15107 | D:12     | Killed a frost giant
 15407 | D:13     | Found a gate to the Vaults.
 15654 | Orc:1    | Entered Level 1 of the Orcish Mines
 15922 | Orc:2    | Entered Level 2 of the Orcish Mines
 15986 | Orc:2    | Found Gev Ilu's Magic Scroll Shop.
 16113 | Orc:2    | Noticed an orc warlord
 16406 | Orc:1    | Killed an orc warlord
 16564 | Orc:2    | Found a staircase to the Elven Halls.
 16606 | Orc:1    | Identified Sif Muna's Grimoire of Insomnia (Sif Muna gifted
                  | it to you on level 1 of the Orcish Mines)
 16606 | Orc:1    | Received a gift from Sif Muna
 16885 | Orc:2    | Reached skill level 10 in Shields
 17248 | Orc:2    | Gained mutation: Your large and strong wings let you fly
                  | indefinitely. [Gargoyle growth]
 17248 | Orc:2    | Reached XP level 14. HP: 88/88 MP: 15/29
 18230 | Orc:2    | Found Leylorch's Distillery.
 18230 | Orc:2    | Found Vinyibb's Distillery.
 18292 | Orc:2    | Found Iruociro's Distillery.
 18292 | Orc:2    | Found Patiabez's Assorted Antiques.
 18354 | Orc:2    | Bought a scroll of identify for 30 gold pieces
 18354 | Orc:2    | Bought a scroll of identify for 30 gold pieces
 18405 | Orc:2    | Bought a potion of heal wounds for 140 gold pieces
 18405 | Orc:2    | Bought a silvery potion for 25 gold pieces
 18484 | Lair:1   | Entered Level 1 of the Lair of Beasts
 18767 | Lair:1   | Reached skill level 13 in Earth Magic
 19827 | Lair:2   | Found a staircase to the Swamp.
 20285 | Lair:3   | Reached skill level 1 in Summonings
 20395 | Lair:2   | Identified Daroz's Disquisition on the Shifting Escort (Sif
                  | Muna gifted it to you on level 2 of the Lair of Beasts)
 20395 | Lair:2   | Received a gift from Sif Muna
 20862 | Lair:3   | Identified 3 scrolls of acquirement
 21477 | Lair:3   | Acquired a book of the Dragon
 21481 | Lair:3   | Acquired 834 gold pieces
 21485 | Lair:3   | Acquired a +1 broad axe of electrocution
 21793 | Lair:4   | Found a hole to the Spider Nest.
 22546 | Lair:5   | Reached XP level 15. HP: 96/96 MP: 30/30
 22872 | Lair:5   | Found a staircase to the Slime Pits.
 22909 | Lair:5   | Noticed Nessos
 22926 | Lair:5   | Reached skill level 5 in Axes
 23228 | Lair:5   | Noticed Josephine
 23237 | Lair:5   | Killed Josephine
 23237 | Lair:5   | Received a gift from Sif Muna
 23644 | Lair:5   | Identified the +1 kite shield of Greed {Rampage rPois rC++}
 23914 | Lair:5   | Killed Nessos
 24000 | Lair:6   | Entered Level 6 of the Lair of Beasts
 24848 | Lair:6   | Reached skill level 14 in Earth Magic
 24956 | Lair:6   | Identified Sif Muna's Collected Works on Confrontation and
                  | Transformation (Sif Muna gifted it to you on level 6 of the
                  | Lair of Beasts)
 24956 | Lair:6   | Received a gift from Sif Muna
 24967 | Lair:6   | Reached skill level 5 in Conjurations
 24973 | Lair:6   | HP: 1/97 [death yak (12)]
 25452 | D:12     | Reached XP level 16. HP: 103/103 MP: 9/32
 25667 | D:13     | Noticed Snorg
 25689 | D:12     | Killed Snorg
 25905 | D:13     | Identified the +1 buckler "Qisorhuz" {Regen+}
 26427 | D:14     | Received a gift from Sif Muna
 26606 | D:14     | Found a white marble altar of Elyvilon.
 26830 | D:15     | Entered Level 15 of the Dungeon
 26913 | D:15     | Found Vulex's Assorted Antiques.
 26922 | D:15     | Found Doxageuf's Desiderata Depot.
 26972 | D:15     | Bought a manual of Dodging for 1876 gold pieces
 27003 | D:15     | Found Rynat's Distillery.
 27097 | D:15     | Found a runed translucent gate.
 27097 | D:15     | Found a runed translucent gate.
 27098 | D:15     | Found a runed translucent gate.
 27099 | D:15     | Noticed Taowasuch's ghost (adept MiGl)
 27159 | D:15     | Found Qoicaw's Antique Armour Shoppe.
 27382 | D:15     | Reached skill level 1 in Transmutations
 27505 | D:15     | Reached skill level 5 in Summonings
 27609 | D:15     | Found a staircase to the Depths.
 27951 | Depths:1 | Entered Level 1 of the Depths
 28165 | Swamp:1  | Entered Level 1 of the Swamp
 28531 | Swamp:1  | Identified Sif Muna's Guide on Confrontation and Beguiling
                  | (Sif Muna gifted it to you on level 1 of the Swamp)
 28531 | Swamp:1  | Received a gift from Sif Muna
 28768 | Swamp:1  | Reached XP level 17. HP: 108/108 MP: 13/33
 30363 | Swamp:3  | Reached skill level 15 in Earth Magic
 31066 | Swamp:4  | Entered Level 4 of the Swamp
 31122 | Swamp:4  | Identified Quad's Volume of Dusty Conjuration (Sif Muna
                  | gifted it to you on level 4 of the Swamp)
 31122 | Swamp:4  | Received a gift from Sif Muna
 31128 | Swamp:4  | Found a runed translucent door.
 31524 | Swamp:4  | Got a decaying rune of Zot
 31668 | Swamp:4  | HP: 5/109 [spriggan rider/+0 spear (7)]
 31668 | Swamp:4  | Slain by a spriggan rider

Illustrated notes

Levels and vault maps discovered:
D:1:      dpeg_arrival_shrine, layout_basic, minmay_tiny_reverse_x
D:2:      layout_basic, overflow_temple_1_default
D:3:      layout_loops_cross, nemelex_spade_bored_becter
D:4:      layout_basic, uniq_robin
D:5:      minmay_evil_eye, layout_rooms
D:6:      layout_gridville, minmay_temple_entry_large_hall,
          minmay_misc_feat_tower, uniq_duvessa, uniq_maggie
D:7:      layout_basic, fedhas_ov_isle_minmay, uniq_harold
D:8:      layout_loops_corners, uniq_maurice
D:9:      layout_roguey, minitemple, chequers_temple_overflow_minitemple,
          minmay_pinched_square
D:10:     cheibrodos_two_vegetables, layout_loops_cross, david_orc_3
D:11:     layout_cave_pods
D:12:     minmay_the_grid_square_5x5_5x5 [minmay_the_grid_square_5x5_percent,
          minmay_the_grid_square_5x5_two_walls_a, minmay_the_grid_square_5x5_z,
          minmay_the_grid_square_5x5_eight_small,
          minmay_the_grid_square_5x5_minimal,
          minmay_the_grid_square_5x5_broken_cross,
          minmay_the_grid_square_5x5_prize_pseudospiral,
          minmay_the_grid_square_5x5_v, minmay_the_grid_square_5x5_prize_itemx,
          minmay_the_grid_square_5x5_gyroscope,
          minmay_the_grid_square_5x5_inner_z,
          minmay_the_grid_square_5x5_tetrominoes,
          minmay_the_grid_square_5x5_prize_monsterx,
          minmay_the_grid_square_5x5_shrine2,
          minmay_the_grid_square_5x5_beaten_path,
          minmay_the_grid_square_5x5_fancy_junction,
          minmay_the_grid_square_5x5_prize_deathbox,
          minmay_the_grid_square_5x5_three_walls,
          minmay_the_grid_square_5x5_prize_gold,
          minmay_the_grid_square_5x5_empty, minmay_the_grid_square_5x5_dogpile,
          minmay_the_grid_square_5x5_shrine1,
          minmay_the_grid_square_5x5_doubleslash,
          minmay_the_grid_square_5x5_half_checkered,
          minmay_the_grid_square_5x5_n], layout_basic, minmay_door_square,
          hangedman_abyss_or_decor_lesser_grid, jiyva_altar_1
D:13:     layout_rooms, david_vaults_3, hangedman_decor_clover_reticule,
          uniq_snorg
D:14:     layout_cross, infiniplex_staircase_pillars_1, elyvilon_altar_4
D:15:     hangedman_depths_entry_civil_slaughter, layout_basic, serial_shops,
          shop, shop_statue, shop, gammafunk_ghost_split,
          nicolae_alphabet_shops, grunt_decor_resistance
Temple:   bh_familiar_temple
Lair:1:   layout_loops_ring
Lair:2:   layout_regular_city, nicolae_swamp_entry_splash_gauntlet,
          chequers_serial_rivers_room_a
Lair:3:   layout_cave_pods
Lair:4:   layout_cave_pods, nicolae_spider_entry_orb_guardian, st_stairs_3,
          minivault_26
Lair:5:   layout_small_grid, nicolae_slime_entry_slimehenge,
          minmay_lindwurm_lava, uniq_josephine, uniq_nessos
Lair:6:   evilmike_catoblepas_cave, layout_misc_corridors,
          eino_small_chamber_without_monster, grunt_megastairs_5
Swamp:1:  layout_basic_swamp, evilmike_swamp_ruin_rubble_2, swamp_pool5,
          st_swamp_ruins_4
Swamp:2:  layout_falls_marsh, nicolae_swamp_some_circles,
          infiniplex_staircase_pool_2
Swamp:3:  layout_basic_swamp, evilmike_swamp_ruin_house_1
Swamp:4:  swamp_alternative, layout_basic_swamp, ebering_ghost_reflecting_pool,
          nicolae_swamp_rocky_clearing
Orc:1:    layout_caves
Orc:2:    grunt_orc_tribal_feast, layout_diamond_mine, serial_shops, shop_statue
Depths:1: layout_cave_pools, enter_ziggurat_b, minivault_11,
          pf_hell_entry_tar_river, lightli_giant_bouncers

Skill      XL: |  1  2  3  4  5  6  7  8  9 10 11 12 13 14 15 16 17 |
---------------+----------------------------------------------------+-----
Earth Magic    | 4 5 6 7 8 9 10 11 12 13 14 15 | 15.2
Shields        | 1 2 3 4 5 6 7 9 10 11 12 13 | 13.0
Maces & Flails | 1 2 3 |  3.1
Fighting       | 1 2 4 5 7 8 9 10 11 12 13 | 13.3
Stealth        | 3 |  3.0
Spellcasting   | 3 4 5 6 7 8 9 11 12 13 | 13.1
Armour         | 1 2 3 |  3.6
Dodging        | 2 3 4 5 6 7 8 |  8.7
Axes           | 1 2 3 4 6 7 8 |  8.7
Conjurations   | 1 3 5 6 7 |  7.6
Evocations     | 1 |  1.1
Crossbows      | 2 4 5 6 7 8 9 |  9.2
Summonings     | 2 3 5 6 |  6.2
Transmutations | 1 |  1.0

Action                   |  1- 3 |  4- 6 |  7- 9 | 10-12 | 13-15 | 16-18 || total
-------------------------+-------+-------+-------+-------+-------+-------++-------
Melee: Whip              |    38 |   172 |   108 |       |       |       ||   318
       War axe           |       |       |   238 |   548 |   663 |       ||  1449
       Broad axe         |       |       |       |       |   428 |  1007 ||  1435
 Fire: Hand crossbow     |       |       |       |       |    13 |       ||    13
 Cast: Sandblast         |    15 |    22 |    57 |    54 |    82 |    86 ||   316
       Stone Arrow       |       |       |     5 |     4 |    31 |    26 ||    66
       Lee's Rapid Decon |       |       |       |    19 |    42 |    11 ||    72
       Passwall          |       |       |       |     1 |       |       ||     1
       Petrify           |       |       |       |       |     9 |    10 ||    19
 Abil: Fly               |       |       |       |       |     1 |       ||     1
Evoke: Wand              |       |       |     5 |       |       |       ||     5
  Use: Scroll            |       |       |    14 |    13 |    13 |     8 ||    48
       Potion            |       |       |     2 |     1 |    10 |     2 ||    15
 Stab: Sleeping          |     1 |     2 |     1 |    14 |    22 |    10 ||    50
       Paralysed         |       |       |     7 |       |       |       ||     7
       Distracted        |       |       |       |     2 |       |       ||     2
       Petrified         |       |       |       |       |    16 |    11 ||    27
       Petrifying        |       |       |       |       |     2 |     1 ||     3
Armor: Robe              |     8 |    22 |       |       |       |       ||    30
       Ice dragon scales |       |   104 |   152 |       |       |       ||   256
       Steam dragon scal |       |       |    53 |   317 |   685 |    17 ||  1072
       Troll leather arm |       |       |       |       |       |   641 ||   641
Dodge: Dodged            |    29 |    98 |   196 |   369 |   862 |   718 ||  2272
Block: Buckler           |       |     7 |    82 |   208 |   495 |       ||   792
       Tower shield      |       |       |       |       |     6 |       ||     6
       Kite shield       |       |       |       |       |   227 |   861 ||  1088

Table legend: (Time is in decaauts)
 A = Elapsed time spent in this place.
 B = Non-inter-level travel time spent in this place.
 C = Inter-level travel time spent in this place.
 D = Time resting spent in this place.
 E = Time spent auto-exploring this place.
 F = Levels seen in this place.
 G = Mean time per level.
                   A        B        C        D        E       F      G
               +--------+--------+--------+--------+--------+-----+--------+
         Total |  32661 |  29417 |   3244 |     35 |  19658 |  29 | 1126.2 |
       Dungeon |  18791 |  16720 |   2071 |     27 |  11468 |  15 | 1252.7 |
        Temple |    228 |    158 |     70 |      0 |    156 |   1 |  228.0 |
          Lair |   7167 |   6514 |    653 |      0 |   4724 |   6 | 1194.5 |
         Swamp |   3683 |   3418 |    265 |      8 |   1966 |   4 |  920.8 |
  Orcish Mines |   2786 |   2601 |    185 |      0 |   1343 |   2 | 1393.0 |
        Depths |      3 |      3 |      0 |      0 |      0 |   1 |    3.0 |
               +--------+--------+--------+--------+--------+-----+--------+

Top non-repeatable levels by time:
    D:12: 2885 daAuts
     D:6: 1931 daAuts
   Orc:2: 1851 daAuts
  Lair:5: 1690 daAuts
     D:9: 1674 daAuts
    D:10: 1558 daAuts
    D:11: 1396 daAuts
  Lair:2: 1318 daAuts
  Lair:6: 1242 daAuts
 Swamp:1: 1219 daAuts
    D:15: 1171 daAuts
     D:8: 1162 daAuts
  Lair:3: 1155 daAuts
     D:3: 1061 daAuts
 Swamp:2: 1055 daAuts
